 Dungeon Crawl Stone Soup version 0.26.1-11-gd32895ea62 (webtiles) character file.

Game seed: 15557996617369114445

1198 Almogavar the Cleaver (level 8, -3/69 HPs)
             Began as a Hill Orc Fighter on July 5, 2021.
             Slain by Jerry's ghost (12 damage)
             ... on level 5 of the Dungeon.
             The game lasted 00:10:51 (5684 turns).

Almogavar the Cleaver (Hill Orc Fighter)            Turns: 5684, Time: 00:10:51

Health: -3/69      AC:  7    Str: 21    XL:     8   Next: 44%
Magic:  8/8        EV:  9    Int:  8    God:
Gold:   351        SH: 11    Dex: 16    Spells: 7/7 levels left

rFire    . . .     SeeInvis .   a - +0 war axe
rCold    . . .     Faith    .   c - +1 kite shield
rNeg     . . .     Spirit   .   b - +0 scale mail
rPois    .         Reflect  .   (no helmet)
rElec    .         Harm     .   (no cloak)
rCorr    .         Rampage  .   (no gloves)
Will     .....                  (no boots)
Stlth    ..........             (no amulet)
HPRegen  0.21/turn              i - +6 ring of dexterity
MPRegen  0.11/turn              (no ring)

@: lethally poisoned (-3 -> -4)
A: no striking features
a: no special abilities


You were on level 5 of the Dungeon.
You visited 1 branch of the dungeon, and saw 5 of its levels.
You also visited: Sewer.

You collected 351 gold pieces.

Inventory:

Hand Weapons
 a - a +0 war axe (weapon)
Missiles
 g - 6 javelins (quivered)
 s - 3 poisoned darts
Armour
 b - a +0 scale mail (worn)
 c - a +1 kite shield (worn)
 q - a +0 chain mail
Jewellery
 i - a +6 ring of dexterity (left hand)
Wands
 r - a wand of iceblast (10)
 u - a wand of digging (3)
Scrolls
 e - a scroll of amnesia
 h - 5 scrolls of teleportation
 j - 3 scrolls of fear
 l - a scroll of remove curse
 n - 2 scrolls of enchant armour
 t - 3 scrolls of blinking
 v - 2 scrolls of fog
 w - a scroll of enchant weapon {unknown}
Potions
 d - 3 potions of might
 k - 4 potions of haste {unknown}
 m - a potion of cancellation {unknown}
 o - a potion of degeneration {unknown}
 p - 3 potions of flight {unknown}


   Skills:
 + Level 5.5 Fighting
 + Level 8.9 Axes
 + Level 5.3 Armour
 + Level 1.9 Dodging
 - Level 1.1 Stealth
 + Level 5.6 Shields


You had 7 spell levels left.
You didn't know any spells.
Your spell library was empty.

Dungeon Overview and Level Annotations

Branches:
Dungeon (5/15)              Sewer (visited)
 Temple: D:4-7

Altars:
Ashenzari
Trog
Zin

Annotations:
D:5 Jerry's ghost, amateur TrHu


Message History

You hit Jerry's ghost but do no damage.
Jerry's ghost is moderately damaged.
You block Jerry's ghost's attack.
You hit Jerry's ghost but do no damage.
Jerry's ghost is moderately damaged.
You feel sick. Jerry's ghost hits you!
You hit Jerry's ghost but do no damage.
Jerry's ghost is moderately damaged.
You block Jerry's ghost's attack.
You slash Jerry's ghost!
Jerry's ghost is heavily damaged.
Jerry's ghost hits you!
* * * LOW HITPOINT WARNING * * *
You closely miss Jerry's ghost.
Jerry's ghost is heavily damaged.
You feel sick. Jerry's ghost barely misses you.
You barely miss Jerry's ghost.
Jerry's ghost is heavily damaged.
Jerry's ghost hits you!
You die...

.##..# #......###..######≈#≈#≈#≈
.#...# #......#≈#..#≈≈≈≈#≈#≈#÷#≈
...#.# #......#)#..#.##≈≈≈≈÷#≈≈≈
..##.## #......#≈#..########≈#≈#≈
.###..# #......#≈#..#≈≈≈≈≈≈≈≈#≈≈≈
.####.###......#≈#..##≈#######≈#.
..###.##..##..##≈#..##≈≈≈≈≈≈≈#≈≈≈
....#.##.###...#W#..##########≈≈.
###.>......#....@†...##.........)
# ###.##.#.#....###..##.####.....
# #.......(...)###..#..# ###....
# #........#..).#..##.####......
####......#.#...)......##........
..........#............#..##.....
...#......####...........###.....
##..........^..........###.......
#........#####.............####.#


You could see Jerry's ghost.

Vanquished Creatures
  A phantom (D:4)
  An ogre (D:4)
  A big kobold (D:4)
  A water moccasin skeleton (D:4)
  2 howler monkeys (D:5)
  2 centaur skeletons
  3 hounds
  5 orc priests
  2 orc wizards
  A bullfrog skeleton (D:3)
  An iguana (D:2)
  Ijyb (D:5)
  4 worker ants
  7 gnolls (D:5)
  2 river rats (D:5)
  8 adders
  2 oozes
  An adder skeleton (D:4)
  3 worms
  2 dart slugs (D:1)
  10 leopard geckos
  13 orcs
  10 bats
  6 giant cockroaches
  4 goblins
  5 hobgoblins
  6 jackals
  3 quokkas
  4 ball pythons
  11 frilled lizards
  A jackal skeleton (D:4)
  29 kobolds
  A quokka zombie (D:5)
  12 rats
165 creatures vanquished.

Vanquished Creatures (others)
  A gnoll (D:5)
  17 plants
18 creatures vanquished.

Grand Total: 183 creatures vanquished

Notes
Turn   | Place    | Note
-------+----------+-------------------------------------------
     0 | D:1      | Almogavar the Hill Orc Fighter began the quest for the Orb.
     0 | D:1      | Reached XP level 1. HP: 19/19 MP: 1/1
   277 | D:1      | Reached XP level 2. HP: 27/27 MP: 2/2
   486 | D:1      | Reached skill level 3 in Axes
   613 | D:2      | Reached XP level 3. HP: 25/33 MP: 3/3
   911 | D:2      | Reached XP level 4. HP: 40/40 MP: 4/4
  1522 | D:3      | Reached skill level 4 in Axes
  1523 | D:3      | Reached XP level 5. HP: 19/46 MP: 5/5
  2049 | D:3      | Reached skill level 5 in Axes
  2324 | D:3      | Reached XP level 6. HP: 50/53 MP: 6/6
  2645 | D:4      | Reached skill level 1 in Dodging
  2842 | D:4      | Noticed a phantom
  2901 | D:4      | Reached skill level 1 in Stealth
  2918 | D:4      | Killed a phantom
  3102 | D:4      | Reached XP level 7. HP: 60/60 MP: 7/7
  3297 | D:4      | Reached skill level 6 in Axes
  3297 | D:4      | Reached skill level 5 in Armour
  3569 | D:4      | Reached skill level 5 in Fighting
  3573 | D:4      | Reached skill level 5 in Shields
  3843 | D:4      | Found a bloodstained altar of Trog.
  3845 | D:4      | Found a broken altar of Ashenzari.
  3845 | D:4      | Found a glowing silver altar of Zin.
  3849 | D:4      | Reached skill level 7 in Axes
  4239 | D:5      | Entered Level 5 of the Dungeon
  4319 | D:5      | Noticed Ijyb
  4322 | D:5      | Reached XP level 8. HP: 54/68 MP: 8/8
  4338 | D:5      | Killed Ijyb
  4339 | D:5      | Reached skill level 8 in Axes
  4405 | D:5      | Found a glowing drain.
  4411 | Sewer    | Entered a sewer
  5028 | D:5      | Found a runed translucent door.
  5028 | D:5      | Noticed Jerry's ghost (amateur TrHu)
  5684 | D:5      | Slain by Jerry's ghost

Illustrated notes

Levels and vault maps discovered:
D:1:      minmay_arrival_widening_spiral_wide, layout_basic, minmay_tetromino_o2
D:2:      layout_basic, minmay_lizard_king
D:3:      cheibrodos_pilgrimage, layout_loops_ring
D:4:      kennysheep_kobold_camp, layout_rooms,
          chequers_temple_overflow_statue_of_worship, minivault_1
D:5:      layout_rooms, ebering_ghost_sewer_d, lightli_sewer_entry_pipes,
          uniq_ijyb

Skill      XL: |  1  2  3  4  5  6  7  8 |
---------------+-------------------------+-----
Axes           | 3 4 5 7 8 |  8.9
Fighting       | 4 5 |  5.5
Armour         | 4 5 |  5.3
Shields        | 4 5 |  5.6
Dodging        | 1 |  1.9
Stealth        | 1 |  1.1

Action                   |  1- 3 |  4- 6 |  7- 9 || total
-------------------------+-------+-------+-------++-------
Melee: War axe           |    61 |   168 |   242 ||   471
  Use: Scroll            |       |     3 |     5 ||     8
Armor: Scale mail        |    20 |    62 |    80 ||   162
Dodge: Dodged            |    19 |    48 |    68 ||   135
Block: Kite shield       |    26 |    83 |   141 ||   250
